 Dungeon Crawl Stone Soup version 0.31.0-12-g77e489cdc1 (webtiles) character file.

Game seed: 11791593541410042313

1017 Gadfly the Covered (level 8, -3/66 HPs)
             Began as an Armataur Fighter on Feb 28, 2024.
             Slain by a gnoll
             ... wielding a +0 flail
             ... led by a gnoll bouda
              (9 damage)
             ... on level 5 of the Dungeon.
             The game lasted 00:08:16 (2786 turns).

Gadfly the Covered (Armataur Fighter)               Turns: 2786, Time: 00:08:17

Health: -3/66      AC:  8    Str: 21    XL:     8   Next: 2%
Magic:  11/11      EV:  7    Int: 10    God:
Gold:   52         SH:  5    Dex: 11    Spells: 7/7 levels left

rFire   . . .        a - +1 flail (freeze)
rCold   . . .        c - +0 buckler
rNeg    + . .        b - +0 scale mail
rPois   +            (no helmet)
rElec   .            f - +0 cloak
rCorr   .            (no gloves)
SInv    .            (no barding)
Will    +....        e - amulet of regeneration Stlth
                     g - ring of Departure {rPois rN+ Will+}
HPRegen 1.11/turn    (no ring)
MPRegen 0.12/turn

%: roll
@: no status effects
A: large, deformed body, tough skin 3, armoured tail, roll 2
a: no special abilities


You were on level 5 of the Dungeon.
You visited 1 branch of the dungeon, and saw 5 of its levels.

You collected 164 gold pieces.
You spent 112 gold pieces at shops.

Inventory:

Hand Weapons
 a - a +1 flail of freezing (weapon)
Armour
 b - a +0 scale mail (worn)
 c - a +0 buckler (worn)
 f - a +0 cloak (worn)
Jewellery
 e - an amulet of regeneration (around neck)
 g - the ring of Departure (left hand) {rPois rN+ Will+}
   (You acquired it on level 1 of the Dungeon)

   [ring of positive energy]

   rPois:     It protects you from poison rN+: It protects you from negative
   energy.
   Will+:     It increases your willpower.
Wands
 m - a wand of mindburst (3)
 p - a wand of flame (15) (quivered)
Scrolls
 i - a scroll of identify
 k - a scroll of blinking
Potions
 d - a potion of might
 h - 2 potions of curing
 j - a potion of heal wounds
 l - a potion of ambrosia
 n - 2 potions of haste
 o - a potion of enlightenment
 q - a potion of cancellation
 s - 3 potions of attraction


   Skills:
 + Level 3.9 Fighting
 * Level 4.2 Maces & Flails
 + Level 5.2 Armour
 + Level 4.6 Shields
 * Level 4.0 Invocations
 * Level 4.1 Evocations


You had 7 spell levels left.
You didn't know any spells.
Your spell library contained the following spells:

 Spells                   Type           Power      Damage    Failure   Level
 Ensorcelled Hibernation  Hex/Ice        0%         N/A       87%         2
 Scorch                   Fire           0%         2d5       87%         2
 Call Canine Familiar     Summ           0%         N/A       98%         3
 Fugue of the Fallen      Necr           0%         N/A       98%         3
 Sigil of Binding         Hex            0%         N/A       98%         3
 Anguish                  Hex/Necr       0%         N/A       100%        4
 Dimensional Bullseye     Hex/Tloc       0%         N/A       100%        4
 Flame Wave               Conj/Fire      0%         2d4       100%        4
 Summon Cactus Giant      Summ           0%         N/A       100%        6


Dungeon Overview and Level Annotations

Branches:
Dungeon (5/15)
 Temple: D:4-7

Altars:
Ashenzari
Vehumet

Shops:
D:2 (   D:4 !


Innate Abilities, Weirdness & Mutations

Armour fits poorly on your strangely shaped body.
You have extremely tough skin. (AC +3)
You have a long armoured tail.
You regenerate magic and health when rolling toward enemies. (Rampage Regen)


Message History

You kill the gnoll!
Something unexpectedly blocks you, preventing you from rolling!
You miss something. Something hits you but does no damage.
Something unexpectedly blocks you, preventing you from rolling!
You closely miss something. Something hits you but does no damage.
Something hits you.
Something unexpectedly blocks you, preventing you from rolling!
You barely miss something.
You hear some strange, mumbled words.
A puff of flame appears from out of thin air!
The puff of flame hits you!
Something unexpectedly blocks you, preventing you from rolling!
You hit something. You freeze something.
Reactivating autopickup.
You feel a bit more experienced.
You have reached level 8!
You feel clever.
You closely miss the orc. You tail-slap the orc.
You kill the orc!
You barely miss the gnoll. The gnoll hits you with a +0 flail.
You sock the gnoll! You freeze the gnoll.
The gnoll is almost dead.
You block the gnoll's attack. The gnoll barely misses you.
You closely miss the gnoll.
The gnoll is almost dead.
The gnoll hits you from afar with a +0 halberd!
* * * LOW HITPOINT WARNING * * *
You block the gnoll's attack. The gnoll barely misses you.
You closely miss the gnoll.
You tail-slap the gnoll, but do no damage.
The gnoll is almost dead.
The gnoll hits you but does no damage.
The gnoll hits you from afar with a +0 halberd.
* * * LOW HITPOINT WARNING * * *
The gnoll hits you with a +0 flail.
* * * LOW HITPOINT WARNING * * *
You closely miss the gnoll.
The gnoll is almost dead.
The gnoll closely misses you. The gnoll hits you with a +0 flail!
You die...

# #.##.........# #
#.###.######.# #
#....#.# ... # #####.##
#.# # #.....# #.#
#########.....# #.#
.##.....†.....# #># ###
..#.#####.....######.##
#...
................@ggg..#
...
..#.........########..#
##.. . .##..##.###.#
#..# .g##... #.#..##.#
#.# #.g##go..# ##...##.
.#. #..o{)# #.... # #.
#..#........ ...##
#..##...##.. #.. #.##
...... ... ..##...


You could see 3 gnolls.

Vanquished Creatures
  An ice beast (D:5)
  An ogre (D:4)
  2 black bears
  A scorpion (D:5)
  2 bombardier beetles
  A jelly (D:4)
  2 orc priests
  A gnoll bouda (D:5)
  6 hounds
  A sleepcap (D:4)
  An iguana (D:4)
  An orc wizard (D:5)
  A gnoll (D:5)
  7 adders
  2 ufetubi (D:5)
  A dart slug (D:4)
  3 ribbon worms
  4 orcs
  10 ball pythons
  5 bats
  8 endoplasms
  A giant cockroach (D:2)
  5 goblins
  4 hobgoblins
  7 jackals
  2 kobolds
  A quokka (D:1)
  4 frilled lizards
  3 rats
88 creatures vanquished.

Notes
Turn   | Place    | Note
-------+----------+-------------------------------------------
     0 | D:1      | Gadfly the Armataur Fighter began the quest for the Orb.
     0 | D:1      | Reached XP level 1. HP: 18/18 MP: 1/1
    86 | D:1      | Reached XP level 2. HP: 21/25 MP: 2/2
   327 | D:1      | Reached skill level 1 in Evocations
   362 | D:1      | Reached skill level 1 in Invocations
   619 | D:1      | Identified a scroll of acquirement
   693 | D:2      | Reached XP level 3. HP: 30/30 MP: 3/3
   915 | D:2      | Found Evvima's Antique Weapon Shoppe.
  1102 | D:2      | Acquired the ring of Departure {rPois rN+ Will+}
  1230 | D:3      | Found a radiant altar of Vehumet.
  1246 | D:3      | Reached skill level 4 in Armour
  1246 | D:3      | Reached XP level 4. HP: 33/38 MP: 3/5
  1398 | D:3      | Found a faded altar of an unknown god.
  1820 | D:4      | Reached XP level 5. HP: 23/45 MP: 6/6
  1887 | D:4      | Found Toenwiap's Distillery.
  1895 | D:4      | Bought a potion of ambrosia for 112 gold pieces
  1932 | D:4      | Found a broken altar of Ashenzari.
  2069 | D:4      | Noticed an ogre
  2070 | D:4      | Noticed a black bear
  2119 | D:4      | Killed an ogre
  2120 | D:4      | Reached XP level 6. HP: 46/51 MP: 7/7
  2230 | D:4      | Gained mutation: You regenerate magic and health when
                  | rolling toward enemies. (Rampage Regen) [Armataur growth]
  2230 | D:4      | Reached XP level 7. HP: 49/57 MP: 9/9
  2505 | D:5      | Entered Level 5 of the Dungeon
  2600 | D:5      | Reached skill level 5 in Armour
  2781 | D:5      | Reached XP level 8. HP: 22/66 MP: 11/11
  2786 | D:5      | Slain by a gnoll

Illustrated notes

Levels and vault maps discovered:
D:1:      roderic_crossed_star, layout_rooms, serial_bayou, serial_bayou_pond_a,
          serial_bayou_crossing, serial_bayou_lagoon_a, serial_bayou_pond_e
D:2:      layout_basic, serial_shops, shop
D:3:      layout_basic, mainiacjoe_overflow_paths, serial_glass,
          glass_columns_a, glass_columns_b, due_unseen_surprise,
          ebering_ecumenical_altar_abandoned
D:4:      layout_rooms, lemuel_doored_altar, serial_shops, shop_statue,
          minivault_26, nicolae_houndstooth_variations
D:5:      cheibrodos_quashed, layout_loops_ring,
          lightli_ossuary_entry_decrepit_ruins, hangedman_decor_peaks_small

Skill      XL: |  1  2  3  4  5  6  7 |
---------------+----------------------+-----
Maces & Flails | 2 3 4 |  4.2
Evocations     | 1 2 3 4 |  4.1
Invocations    | 1 2 3 4 |  4.0
Fighting       | 3 |  3.9
Armour         | 4 5 |  5.2
Shields        | 4 |  4.6

Action                     |  1- 3 |  4- 6 |  7- 9 || total
---------------------------+-------+-------+-------++-------
  Melee: Flail             |   113 |    81 |    89 ||   283
         Tailslap          |     9 |    11 |    12 ||    32
  Evoke: Wand              |       |     2 |     1 ||     3
    Use: Potion            |     1 |     1 |       ||     2
         Scroll            |    11 |     1 |     2 ||    14
 Armour: Scale mail        |   124 |    83 |   123 ||   330
  Dodge: Dodged            |    51 |    39 |    48 ||   138
  Block: Buckler           |    24 |    20 |    33 ||    77
